 Dungeon Crawl Stone Soup version 0.24-a0-334-g5a7c772 (webtiles) character file.

Game seed: 10318001766888002080

86 Darkshadow the Chopper (level 4, -4/41 HPs)
             Began as a Minotaur Berserker on May 17, 2019.
             Was a Follower of Trog.
             Slain by Sigmund
             ... wielding a +0 scythe
              (5 damage)
             ... on level 3 of the Dungeon.
             The game lasted 00:05:06 (3390 turns).

Darkshadow the Chopper (Minotaur Berserker)         Turns: 3390, Time: 00:05:06

Health: -4/41      AC:  9    Str: 21    XL:     4   Next: 27%
Magic:  12/12      EV:  8    Int:  4    God:    Trog [*.....]
Gold:   173        SH:  0    Dex: 11    Spells: 3/3 levels left

rFire    . . .     SeeInvis .   a - +0 hand axe
rCold    . . .     Gourm    +   (no shield)
rNeg     . . .     Faith    .   s - +0 chain mail
rPois    .         Spirit   .   (helmet restricted)
rElec    .         Reflect  .   (no cloak)
rCorr    .         Harm     .   (no gloves)
MR       .....                  (no boots)
Stlth    ..........             k - amulet of the gourmand
HPRegen  0.13/turn              r - ring of magical power
MPRegen  0.13/turn              (no ring)

@: berserk cooldown, slowed, very slow
A: retaliatory headbutt, horns 2
a: Berserk, Renounce Religion


You were on level 3 of the Dungeon.
You worshipped Trog.
Trog was aware of your devotion.
You were hungry.

You visited 1 branch of the dungeon, and saw 3 of its levels.

You collected 173 gold pieces.

Inventory:

Hand Weapons
 a - a +0 hand axe (weapon)
Armour
 b - a +0 animal skin
 s - a +0 chain mail (worn)
Jewellery
 g - an uncursed amulet of faith
 k - an amulet of the gourmand (around neck)
 r - a ring of magical power (left hand)
Wands
 p - a wand of polymorph (5)
Scrolls
 d - 5 scrolls of enchant armour {unknown}
 e - a scroll of identify {unknown}
 f - a scroll of noise {unknown}
 h - 2 scrolls of teleportation {unknown}
 i - 2 scrolls of enchant weapon {unknown}
 j - 2 scrolls of amnesia {unknown}
 m - a scroll of remove curse {unknown}
Potions
 l - 3 potions of curing {unknown}
 n - 2 potions of lignification {unknown}
 o - a potion of haste {unknown}
 q - a potion of agility {unknown}
Comestibles
 c - 6 rations


   Skills:
 + Level 4.3 Fighting
 * Level 4.6 Axes
 * Level 3.6 Armour
 - Level 2.6 Dodging
 + Level 0.2 Evocations


You had 3 spell levels left.
You didn't know any spells.
Your spell library was empty.

Dungeon Overview and Level Annotations

Branches:
Dungeon (3/15)

Altars:
Okawaru
Sif Muna
Trog

Annotations:
D:3 Sigmund


Innate Abilities, Weirdness & Mutations

You reflexively headbutt those who attack you in melee.
You have a pair of horns on your head.


Message History

You feel your anger nearly subside.
You closely miss something. You headbutt something!
You are no longer berserk.
You are exhausted.
You feel yourself slow down. Something hits you but does no damage.
Something hits you but does no damage.
You feel less confused. Something hits you.
You hear some strange, mumbled words.
A magic dart appears from out of thin air!
The magic dart hits you.
You barely miss something. Something hits you.
You miss something. You headbutt something.
You hear some strange, mumbled words.
A magic dart appears from out of thin air!
The magic dart hits you. Something hits you but does no damage.
You closely miss something. Something hits you!
* * * LOW HITPOINT WARNING * * *
You miss something. Something hits you.
You die...

≈≈≈≈≈#...........# #.#####.......
....≈#...........###..##.........
..⌠.≈#...........................
.⌠..≈###########.....)..........)
....≈# #...........###### ≈≈≈≈≈#
##...........# # ######
#..........#.# # #..........#.# #
#.@........#.######
#{.........#....... #.........
#....... #......... #.......
#......... #....... #...?#....
#....... #....#.... #.#.....
#....# ... #.#.#### (.#.#


There were no monsters in sight!

Vanquished Creatures
  4 adders
  An adder skeleton (D:3)
  2 worms (D:2)
  A dart slug (D:2)
  A leopard gecko (D:2)
  4 goblins
  7 hobgoblins
  A quokka (D:2)
  8 bats
  3 frilled lizards
  5 kobolds (D:1)
  6 rats
43 creatures vanquished.

Vanquished Creatures (others)
  8 toadstools (D:3)
8 creatures vanquished.

Grand Total: 51 creatures vanquished

Notes
Turn   | Place    | Note
-------+----------+-------------------------------------------
     0 | D:1      | Darkshadow the Minotaur Berserker began the quest for the
                  | Orb.
     0 | D:1      | Reached XP level 1. HP: 19/19 MP: 0/0
   167 | D:1      | Reached XP level 2. HP: 24/27 MP: 1/1
  1279 | D:1      | Reached ** piety under Trog
  1435 | D:2      | Reached XP level 3. HP: 15/33 MP: 2/2
  1975 | D:2      | Found an iron altar of Okawaru.
  1975 | D:2      | Found a bloodstained altar of Trog.
  2508 | D:2      | Reached XP level 4. HP: 28/40 MP: 3/3
  2776 | D:2      | Found a deep blue altar of Sif Muna.
  3371 | D:3      | Noticed Sigmund
  3389 | D:3      | HP: 1/41 [something (12)]
  3390 | D:3      | Slain by Sigmund

Levels and vault maps discovered:
D:1:      giann_forest_graveyard, layout_basic
D:2:      layout_loops_corners, led_sif_pool, gammafunk_temple_overflow_wave,
          first_ration
D:3:      cheibrodos_fertilizer, layout_basic, kennysheep_generic_room_12,
          uniq_sigmund

Skill      XL: |  1  2 |
---------------+-------+-----
Axes           | 4 |  4.6
Fighting       | 4 |  4.3
Armour         | 3 |  3.6
Dodging        | |  2.6
Evocations     | |  0.2

Action                   |  1- 3 |  4- 6 || total
-------------------------+-------+-------++-------
Melee: Hand axe          |    96 |    23 ||   119
       Headbutt          |    13 |     6 ||    19
Invok: Berserk           |       |     1 ||     1
  Eat: Chunk             |     4 |     5 ||     9
Armor: Animal skin       |    16 |     1 ||    17
       Chain mail        |       |    11 ||    11
Dodge: Dodged            |    53 |    10 ||    63

Table legend:
 A = Non-vault XP
 B = Vault XP
 C = Vault XP percentage of total XP
 D = Non-vault monster count
 E = Vault monster count
 F = Vault count percentage of total count
                 A         B        C        D         E       F
            +---------+---------+-------+---------+---------+-------
      Total |     124 |       0 |   0.0 |      43 |       0 |   0.0
            +---------+---------+-------+---------+---------+-------
        D:1 |      26 |       0 |   0.0 |      19 |       0 |   0.0
        D:2 |      71 |       0 |   0.0 |      16 |       0 |   0.0
        D:3 |      27 |       0 |   0.0 |       8 |       0 |   0.0
            +---------+---------+-------+---------+---------+-------
